 Dungeon Crawl Stone Soup version 0.31-a0-978-g1e143483b6 (webtiles) character file.

Game seed: 5744710496148235202

164 timneilson the Ruffian (level 5, -9/34 HPs)
             Began as an Octopode Shapeshifter on Oct 31, 2023.
             Mangled by an ice beast (12 damage)
             ... on level 3 of the Dungeon.
             The game lasted 00:07:29 (1745 turns).

timneilson the Ruffian (Octopode Shapeshifter)      Turns: 1745, Time: 00:07:30

Health: -9/34      AC:  1    Str: 15    XL:     5   Next: 45%
Magic:  6/6        EV: 13    Int: 12    God:
Gold:   139        SH:  0    Dex: 12    Spells: 6/6 levels left

rFire   . .          .
                       - Unarmed
rCold   . . .        (no shield)
rNeg    . . .        (helmet currently unavailable)
rPois   .            (no amulet)
rElec   .            (no ring)
rCorr   .            (no ring)
SInv    .            (no ring)
Will    .....        (no ring)
Stlth   +++          (no ring)
HPRegen 0.25/turn    (no ring)
MPRegen 0.10/turn    (no ring)
                     (no ring)

%: no passive effects
@: beast-form
A: beast (slay +2), almost no armour, amphibious, 8 rings, camouflage 1,
gelatinous body 1, (nimble swimmer 1), tentacles
a: Begin Untransformation


You were on level 3 of the Dungeon.
You were a hulking beast.
You visited 1 branch of the dungeon, and saw 3 of its levels.

You collected 139 gold pieces.

Inventory:

Talismans
 b - a beast talisman
 c - a flux talisman
Wands
 g - a wand of charming (9)
Scrolls
 i - 2 scrolls of enchant weapon
 j - a scroll of teleportation {unknown}
 k - a scroll of identify {unknown}
 l - a scroll of amnesia {unknown}
Potions
 a - a potion of lignification
 d - a potion of curing {unknown}
 e - a potion of haste {unknown}
 f - 2 potions of mutation {unknown}
 h - a potion of cancellation {unknown}


   Skills:
 * Level 2.2 Fighting
 * Level 2.9 Dodging
 + Level 2.0 Stealth
 * Level 3.8 Unarmed Combat
 + Level 1.0 Spellcasting
 + Level 0.2 Evocations
 * Level 3.6 Shapeshifting


You had 6 spell levels left.
You didn't know any spells.
Your spell library was empty.

Dungeon Overview and Level Annotations

Branches:
Dungeon (3/15)

Altars:


Innate Abilities, Weirdness & Mutations

You are a hulking beast.
Your limbs bulge with bestial killing power. (Slay +2)
You cannot wear most types of armour.
You are amphibious.
You can wear up to eight rings at the same time.
Your skin changes colour to match your surroundings (Stealth+).
Your rubbery body absorbs attacks. (AC +1, EV +1)
((You are camouflaged when in or above water. (Stealth+)))
You have tentacles for arms and can constrict up to eight enemies at once.


Message History

You now have 102 gold pieces (gained 8).
k - a scroll labelled CUMMA PUOQOAF
Found 6 stones.
You now have 116 gold pieces (gained 14).
Found 11 gold pieces.
You see here 6 stones.
You now have 127 gold pieces (gained 11).
A rat is nearby!
You tentacle-slap the rat. Your grab misses the rat.
The rat is heavily wounded.
The rat closely misses you.
You tentacle-slap the rat.
You kill the rat!
You see here a rat corpse.
A rat comes into view.
You see here a staff of air.
The helpless rat fails to defend itself.
You bludgeon the rat!
You kill the rat!
You see here a rat corpse.
l - a scroll labelled WEOLEI LOCROTI You now have 139 gold pieces (gained 12).
You see here a +0 ring mail.
An ice beast is nearby!
You tentacle-slap the ice beast but do no damage.
Your tentacle-slap misses the ice beast.
The ice beast hits you. The ice beast freezes you.
You tentacle-slap the ice beast.
The ice beast is lightly wounded.
The ice beast hits you. The ice beast freezes you!
You closely miss the ice beast.
The ice beast is lightly wounded.
The ice beast hits you. The ice beast freezes you!
* * * LOW HITPOINT WARNING * * *
You tentacle-slap the ice beast. Your squeeze misses the ice beast.
The ice beast is lightly wounded.
The ice beast hits you.
* * * LOW HITPOINT WARNING * * *
The ice beast freezes you!
You die...

.##.#................#.####...#.#
....#................#.#......#.#
....#######..........#.#.........
................####.#.#.....<...
.####...........# #.#.#.........
.####...........# ..............
...##...........###.......†.#.#.#
...###............#.....###.....#
...###..........h.#.....+.......#
................Y.#.....###.....#
.......######.....#.............#
................#.##.#..........#
................#.##.#.........##
.............##......#..<.....###
.............##......#........###
........[...)##...............#..
.....................#........#.#


You could see an ice beast.

Vanquished Creatures
  An orc wizard (D:3)
  7 adders
  2 dart slugs
  5 orcs
  A bat (D:1)
  3 endoplasms
  2 giant cockroaches
  12 goblins
  5 hobgoblins
  2 jackals (D:2)
  5 kobolds
  4 quokkas
  6 ball pythons
  4 frilled lizards
  11 rats
70 creatures vanquished.

Notes
Turn   | Place    | Note
-------+----------+-------------------------------------------
     0 | D:1      | timneilson the Octopode Shapeshifter began the quest for
                  | the Orb.
     0 | D:1      | Reached XP level 1. HP: 13/13 MP: 1/1
    73 | D:1      | Reached XP level 2. HP: 18/18 MP: 2/2
   418 | D:1      | Reached XP level 3. HP: 19/23 MP: 3/3
   454 | D:1      | Reached skill level 1 in Stealth
   888 | D:2      | Reached XP level 4. HP: 24/29 MP: 4/4
  1064 | D:2      | Found a faded altar of an unknown god.
  1303 | D:3      | Reached XP level 5. HP: 34/34 MP: 6/6
  1316 | D:3      | Noticed an ice beast
  1473 | D:3      | Reached skill level 1 in Spellcasting
  1745 | D:3      | Mangled by an ice beast

Illustrated notes

Levels and vault maps discovered:
D:1:      tarquinn_simple_flora_water_d, layout_basic
D:2:      layout_rooms, ebering_ecumenical_altar_hall, hex_intersection
D:3:      layout_basic, ebering_ghost_inner_flame, minmay_misc_feat_enclosed

Skill      XL: |  1  2  3  4  5 |
---------------+----------------+-----
Stealth        | 1 2 |  2.0
Fighting       | 2 |  2.2
Spellcasting   | 1 |  1.0
Dodging        | |  2.9
Unarmed Combat | |  3.8
Evocations     | |  0.2
Shapeshifting  | |  3.6

Action                     |  1- 3 |  4- 6 || total
---------------------------+-------+-------++-------
  Melee: Unarmed           |    57 |    64 ||   121
         Tentacles         |    11 |    14 ||    25
         Constrict         |    11 |    17 ||    28
         Punch             |     1 |     2 ||     3
    Use: Scroll            |     2 |       ||     2
   Stab: Sleeping          |     4 |     5 ||     9
 Armour: Skin              |    18 |    31 ||    49
  Dodge: Dodged            |    35 |    46 ||    81

Table legend: (Time is in decaauts)
 A = Elapsed time spent in this place.
 B = Non-inter-level travel time spent in this place.
 C = Inter-level travel time spent in this place.
 D = Time resting spent in this place.
 E = Time spent auto-exploring this place.
 F = Levels seen in this place.
 G = Mean time per level.
                   A        B        C        D        E       F      G
               +--------+--------+--------+--------+--------+-----+--------+
         Total |   1741 |   1709 |     32 |     71 |   1041 |   3 |  580.3 |
       Dungeon |   1741 |   1709 |     32 |     71 |   1041 |   3 |  580.3 |
               +--------+--------+--------+--------+--------+-----+--------+

Top non-repeatable levels by time:
     D:1: 843 daAuts
     D:2: 475 daAuts
     D:3: 422 daAuts
